 Dungeon Crawl Stone Soup version 0.17-b1-36-g7b1967c (console) character file.

150 gw the Bolt Thrower (level 5, 0/32 HPs)
             Began as a Kobold Hunter on Nov 7, 2015.
             Slain by Natasha (5 damage)
             ... on level 3 of the Dungeon.
             The game lasted 00:03:12 (3417 turns).

gw the Bolt Thrower (Kobold Hunter)                 Turns: 3417, Time: 00:03:12

Health: 0/32       AC:  6    Str: 10    XL:     5   Next: 58%
Magic:  5/5        EV: 14    Int:  9    God:
Gold:   256        SH:  0    Dex: 18    Spells: 0 memorised, 4 levels left

rFire  . . .     SeeInvis .     b - -2 flail (curse)
rCold  . . .     Clarity  .     f - +0 ring mail (curse)
rNeg   . . .     SustAt   .     (shield restricted)
rPois  .         Gourm    .     g - +0 helmet
rElec  .         Spirit   .     (no cloak)
rCorr  .         Warding  .     (no gloves)
rMut   .         Stasis   .     (no boots)
MR     .....                    d - amulet of rage
Stlth  +.........               (no ring)
                                (no ring)

@: exhausted, slowed, very slow, not resistant to hostile enchantments, very
unstealthy
A: carnivore 3
a: Evoke Berserk Rage


You were on level 3 of the Dungeon.
You were very full.

You visited 1 branch of the dungeon, and saw 3 of its levels.

You collected 256 gold pieces.

Inventory:

Hand Weapons
 a - a +1 hand crossbow
 b - a cursed -2 flail (weapon)
Missiles
 h - 13 bolts
Armour
 f - a cursed +0 ring mail (worn)
 g - a +0 helmet (worn)
Jewellery
 d - an amulet of rage (around neck)
Comestibles
 e - 3 meat rations


   Skills:
 + Level 3.1 Fighting
 + Level 0.4 Maces & Flails
 * Level 6.6 Crossbows
 + Level 3.6 Dodging
 - Level 1.3 Stealth


You had 4 spell levels left.
You didn't know any spells.

Dungeon Overview and Level Annotations

Branches:
Dungeon (3/15)

Altars:

Annotations:
D:3 Natasha


Innate Abilities, Weirdness & Mutations

You are small and have problems with some larger weapons.
You are carnivorous and can eat meat at any time.


Message History

Natasha casts a spell at you. The magic dart hits you!
Natasha claws you but does no damage.
Unknown command.
Unknown command.
Unknown command.
Unknown command.
ATTACK MOVE TO (1,0)
You closely miss Natasha.
Natasha is heavily wounded.
The crimson imp disappears in a puff of smoke!
Natasha misses you. Natasha claws you but does no damage.
Unknown command.
Unknown command.
Unknown command.
Unknown command.
ATTACK MOVE TO (1,0)
You closely miss Natasha.
Natasha is heavily wounded.
Natasha claws you. x2
You die...

# #.#.###.# # #.#.###.# #
#.......# # ###.##### #.#
#.# #.# ### ######.#
#####.ยค... #......#####
#Khh...# ...##.#....#
#%#r.....#
#.####.###.#####.#.#..#.#
### #.# #.........# .#
#.# #######.### .. #.#
#)# h. #.# #.. > ####..
#### ... ...


You could see Natasha, a quokka and a jackal.

Table legend:
 A = Turns spent in this place as a percentage of turns spent in the entire game.
 B = Non-inter-level travel turns spent in this place as a percentage of non-inter-level travel turns spent in the entire game.
 C = Inter-level travel turns spent in this place as a percentage of turns spent in this place.
 D = Turns resting spent in this place as a percentage of non-inter-level travel turns spent in this place.
 E = Turns spent auto-exploring this place as a percentage of non-inter-level travel turns spent in this place.
 F = Non-inter-level travel turns spent in this place divided by the number of levels of this place that you've seen.
                   A       B       C       D       E      F
               +-------+-------+-------+-------+-------+----------------------
         Total | 100.0 | 100.0 |   0.9 |   0.8 |   2.4 | 1498.7
       Dungeon | 100.0 | 100.0 |   0.9 |   0.8 |   2.4 | 1498.7
               +-------+-------+-------+-------+-------+----------------------

Table legend:
 A = Kills in this place as a percentage of kills in entire the game.
 B = Kills by you in this place as a percentage of kills by you in the entire game.
 C = Kills by friends in this place as a percentage of kills by friends in the entire game.
 D = Other kills in this place as a percentage of other kills in the entire game.
 E = Experience gained in this place as a percentage of experience gained in the entire game.
 F = Experience gained in this place divided by the number of levels of this place that you have seen.
                   A       B       C       D       E      F
               +-------+-------+-------+-------+-------+----------------------
         Total | 100.0 | 100.0 |  -nan |  -nan | 100.0 |  71.7
       Dungeon | 100.0 | 100.0 |  -nan |  -nan | 100.0 |  71.7
               +-------+-------+-------+-------+-------+----------------------

Vanquished Creatures
  Jessica (D:2)
  Robin (D:2)
  2 adders
  2 oozes
  3 worms (D:3)
  2 giant geckos
  5 orcs (D:3)
  A ball python (D:2)
  2 bats
  4 giant cockroaches
  16 goblins
  6 hobgoblins
  8 jackals
  5 kobolds
  2 quokkas
  A giant newt (D:3)
  7 rats
68 creatures vanquished.

Notes
Turn   | Place    | Note
--------------------------------------------------------------
     0 | D:1      | gw the Kobold Hunter began the quest for the Orb.
     0 | D:1      | Reached XP level 1. HP: 12/12 MP: 1/1
   330 | D:1      | Reached skill level 5 in Crossbows
   330 | D:1      | Reached XP level 2. HP: 16/18 MP: 2/2
  1008 | D:2      | Reached XP level 3. HP: 22/22 MP: 3/3
  1150 | D:2      | Noticed Jessica
  1170 | D:2      | Killed Jessica
  1170 | D:2      | Reached XP level 4. HP: 20/27 MP: 4/4
  1244 | D:2      | Reached skill level 6 in Crossbows
  2133 | D:2      | Noticed Robin
  2171 | D:2      | Killed Robin
  2495 | D:2      | Reached XP level 5. HP: 29/32 MP: 5/5
  3388 | D:3      | Noticed Natasha
  3417 | D:3      | Slain by Natasha

Action                   |  1- 3 |  4- 6 || total
-------------------------+-------+-------++-------
Melee: Short sword       |    17 |    90 ||   107
       Flail             |       |    89 ||    89
 Fire: Hand crossbow     |    25 |    43 ||    68
 Abil: Evoke Berserk Rag |       |     2 ||     2
  Eat: Chunk             |     9 |     8 ||    17

Vault maps used:
D:1:      saegor_arrival_simple_e, serial_forest, infiniplex_forest_straight_4,
          infiniplex_forest_straight_3, infiniplex_forest_fountain,
          infiniplex_forest_clump_long, infiniplex_forest_clump_medium,
          infiniplex_forest_clump_medium, infiniplex_forest_clump_tiny,
          infiniplex_forest_split, st_stairs_1, minmay_misc_feat_x,
          monster_avoids_cloud
D:2:      uniq_robin, uniq_jessica
D:3:      uniq_crazy_yiuf_cottage, uniq_natasha
